 Dungeon Crawl Stone Soup version 0.30.1-3-gfc49f6343a (webtiles) character file.

Game seed: 98423894021534059

46 CaptainMV the Caller (level 3, 0/26 HPs)
             Began as a Demonspawn Wanderer on July 25, 2023.
             Succumbed to an adder's poison
             ... on level 2 of the Dungeon.
             The game lasted 00:10:54 (522 turns).

CaptainMV the Caller (Demonspawn Wanderer)           Turns: 522, Time: 00:10:54

Health: 0/26       AC:  3    Str:  8    XL:     3   Next: 44%
Magic:  4/4        EV: 12    Int: 16    God:
Gold:   34         SH:  0    Dex: 15    Spells: 2/4 levels left

rFire   . . .        a - +0 dagger
rCold   . . .        (no shield)
rNeg    . . .        c - +0 robe
rPois   .            (helmet restricted)
rElec   .            d - +0 cloak
rCorr   .            (no gloves)
SInv    .            (no boots)
Will    .....        j - amulet of magic regeneration
Stlth   ++           (no ring)
HPRegen 0.24/turn    (no ring)
MPRegen 0.49/turn

%: clarity
@: lethally poisoned (0 -> -2), about to teleport, hasted, very quick
A: horns 2, clarity, deterioration 1, low MP 1
a: no special abilities


You were on level 2 of the Dungeon.
You visited 1 branch of the dungeon, and saw 2 of its levels.

You collected 34 gold pieces.

Inventory:

Hand Weapons
 a - a +0 dagger (weapon)
 b - a +0 sling
Missiles
 e - a poisoned dart (quivered)
Armour
 c - a +0 robe (worn)
 d - a +0 cloak (worn)
Jewellery
 g - a ring of fire
 j - an amulet of magic regeneration (around neck)
 k - a ring of ice


   Skills:
 + Level 1.2 Fighting
 + Level 0.4 Short Blades
 + Level 0.2 Ranged Weapons
 + Level 1.1 Dodging
 + Level 1.0 Stealth
 + Level 1.4 Spellcasting
 + Level 3.5 Summonings
 + Level 1.3 Transmutations
 + Level 0.4 Poison Magic
 + Level 2.2 Evocations


You had 2 spell levels left.
You knew the following spells:

 Your Spells              Type           Power      Damage    Failure   Level
a - Sting                 Tmut/Pois      16%        1d3       16%         1
b - Summon Small Mammal   Summ           48%        N/A       5%          1

Your spell library contained the following spells:

 Spells                   Type           Power      Damage    Failure   Level
 Summon Guardian Golem    Hex/Summ       6%         N/A       32%         3
 Spider Form              Tmut/Pois      4%         N/A       41%         3
 Summon Ice Beast         Ice/Summ       6%         N/A       71%         4


Dungeon Overview and Level Annotations

Branches:
Dungeon (2/15)

Altars:

Shops:
D:2 :


Innate Abilities, Weirdness & Mutations

You have a pair of horns on your head.
You possess an exceptional clarity of mind.
Your body sometimes deteriorates upon taking damage.
Your magical capacity is low. (-10% MP)


Message History

The adder is heavily wounded.
You feel sick. The adder bites you. The endoplasm freezes you.
You are frozen.
The adder bites you.
You are lethally poisoned!
The adder poisons you!
It was a potion of haste.
You feel yourself speed up.
* * * LOW HITPOINT WARNING * * *
You feel sick.
Your rat misses the adder. The adder bites you but does no damage.
The endoplasm freezes you.
You are frozen.
* * * LOW HITPOINT WARNING * * *
Really quaff the potion of mutation?
You feel extremely strange.
You feel yourself wasting away.
Your thoughts seem clearer.
You feel less energetic. The horns on your head grow some more.
* * * LOW HITPOINT WARNING * * *
You feel sick.
Your rat closely misses the adder.
The adder closely misses you. The endoplasm closely misses you.
You aren't carrying any potions.
Unknown command.
As you read the scroll labelled HUWUTY YWKUSCH, it crumbles to dust.
You feel strangely unstable.
It was a scroll of teleportation.
* * * LOW HITPOINT WARNING * * *
You feel sick.
You kill the endoplasm!
Your rat bites the adder.
The adder closely misses you.
You closely miss the adder. You headbutt the adder.
You kill the adder!
* * * LOW HITPOINT WARNING * * *
You feel sick.
* * * LOW HITPOINT WARNING * * *
You feel sick.
You see here 9 gold pieces.
Things that are here:
a scroll labelled SYCWITT YHIAXU; an adder corpse
* * * LOW HITPOINT WARNING * * *
You feel sick.
You die...

#.# .#... #.#
#####...#
#.#########..$...##
#.....<...†.#.....#
. #######..###.# ..
#..#$r.# #...
#..#.?†###...#
#.#..........#
#..###.@.#.### #..
#..!# #.. #.### ##
.#. ## #


You could see a friendly rat (summoned).

Vanquished Creatures
  A gnoll (D:1)
  An adder (D:2)
  A dart slug (D:1)
  4 endoplasms
  2 giant cockroaches (D:1)
  A goblin (D:1)
  2 hobgoblins
  A quokka (D:1)
  2 bats (D:1)
  A kobold (D:1)
  2 rats
18 creatures vanquished.

Vanquished Creatures (collateral kills)
  A dart slug (D:1)
  A kobold (D:1)
  A quokka (D:1)
3 creatures vanquished.

Grand Total: 21 creatures vanquished

Notes
Turn   | Place    | Note
-------+----------+-------------------------------------------
     0 | D:1      | CaptainMV the Demonspawn Wanderer began the quest for the
                  | Orb.
     0 | D:1      | CaptainMV set off with the following items: a +0 dagger, a
                  | potion of mutation, a +0 robe, a +0 cloak; and the
                  | following spells available to memorise: Summon Small
                  | Mammal, Sting, Summon Guardian Golem, Spider Form, Summon
                  | Ice Beast.
     0 | D:1      | Reached XP level 1. HP: 15/15 MP: 2/2
     3 | D:1      | Learned a level 1 spell: Sting
     5 | D:1      | Learned a level 1 spell: Summon Small Mammal
   193 | D:1      | Gained mutation: You have a pair of small horns on your
                  | head. [demonic ancestry]
   193 | D:1      | Reached XP level 2. HP: 21/21 MP: 3/3
   376 | D:1      | Reached XP level 3. HP: 26/26 MP: 4/4
   444 | D:2      | Found Ajuont's Book Emporium.
   516 | D:2      | Gained mutation: Your body sometimes deteriorates upon
                  | taking damage. [potion of mutation]
   516 | D:2      | Gained mutation: You possess an exceptional clarity of
                  | mind. [potion of mutation]
   516 | D:2      | Gained mutation: Your magical capacity is low. (-10% MP)
                  | [potion of mutation]
   516 | D:2      | Gained mutation: You have a pair of horns on your head.
                  | [potion of mutation]
   521 | D:2      | HP: 1/26 [poisoned by an adder]
   522 | D:2      | Succumbed to an adder's poison

Illustrated notes

Levels and vault maps discovered:
D:1:      lordsloth_arrival_two_stooges, layout_basic, minmay_cut_off
D:2:      layout_loops_ring, serial_shops, nicolae_shop_peninsula,
          dilly_ecumenical_altar_fadedgnrine, minmay_pentomino_v4,
          uniq_crazy_yiuf_cottage

Action                     || total
---------------------------++-------
  Melee: Dagger            ||    32
         Headbutt          ||     5
   Fire: Sling             ||     7
  Throw: Dart              ||     1
   Cast: Sting             ||    20
         Summon Small Mamm ||     5
    Use: Scroll            ||     2
         Potion            ||     2
   Stab: Sleeping          ||     1
 Armour: Robe              ||    19
  Dodge: Dodged            ||    32
